 Dungeon Crawl Stone Soup version 0.26-a0-651-gb41185065b (webtiles) character file.

Game seed: 12837294473949939490

15647 Flugslaktarn the Grappler (level 12, -1/118 HPs)
             Began as a Troll Fighter on Oct 27, 2020.
             Was a High Priest of Ru.
             Slain by a starcursed mass (6 damage)
             ... while paralysed by accursed screaming
             ... on level 2 of the Abyss.
             The game lasted 00:07:32 (11263 turns).

Flugslaktarn the Grappler (Troll Fighter)          Turns: 11263, Time: 00:07:33

Health: -1/118     AC: 11    Str: 33    XL:     12   Next: 3%
Magic:  11/11      EV:  1    Int:  4    God:    Ru [*****.]
Gold:   811        SH:  0    Dex: 13    Spells: 11/11 levels left

rFire    . . .     SeeInvis .     - Unarmed
rCold    . . .     Faith    .   b - +0 kite shield
rNeg     . . .     Spirit   .   E - +0 troll leather armour
rPois    .         Reflect  .   (helmet restricted)
rElec    .         Harm     .   G - +2 cloak
rCorr    .         Rampage  .   (gloves unavailable)
MR       .....                  (boots unavailable)
Stlth    +.........             (no amulet)
HPRegen  1.09/turn              v - +4 ring of evasion
MPRegen  0.12/turn              o - +6 ring of strength

@: paralysed, exhausted, lightly drained
A: large, unfitting armour, claws 3, regeneration 1, shaggy fur 1, tough skin 3,
inability to train armour, unskilled 1, inexperienced 1
a: Draw Out Power, Power Leap, Apocalypse, Renounce Religion


You were on level 2 of the Abyss.
You worshipped Ru.
Ru was extremely pleased with you.
You visited 2 branches of the dungeon, and saw 13 of its levels.
You visited the Abyss 1 time.
You also visited: Sewer.

You collected 811 gold pieces.

Inventory:

Missiles
 C - 12 curare-tipped darts (quivered)
Armour
 b - a +0 kite shield (worn)
 A - a +1 cloak
   (You found it on level 4 of the Dungeon)
 E - a +0 troll leather armour (worn)
   (You found it on level 9 of the Dungeon)
 G - a +2 cloak (worn)
   (You found it on level 10 of the Dungeon)
Jewellery
 c - an uncursed ring of protection from cold
   (You found it on level 5 of the Dungeon)
 o - a +6 ring of strength (right claw)
   (You found it on level 8 of the Dungeon)
 v - a +4 ring of evasion (left claw)
   (You found it on level 7 of the Dungeon)
 I - an uncursed ring of protection from fire {unknown}
   (You found it on level 2 of the Abyss)
Wands
 e - a wand of acid (2)
   (You took it off Ijyb on level 5 of the Dungeon)
 g - a wand of digging (14)
   (You found it on level 6 of the Dungeon)
 t - a wand of enslavement (8)
   (You found it on level 7 of the Dungeon)
 z - a wand of iceblast (9)
   (You found it on level 4 of the Dungeon)
Scrolls
 a - a scroll of torment {unknown}
 f - a scroll of noise {unknown}
 i - 2 scrolls of fog
 k - 6 scrolls of teleportation
 l - 2 scrolls of immolation
 p - a scroll of fear
 r - 10 scrolls of identify
 x - a scroll of remove curse
 y - a scroll of acquirement {unknown}
 D - 2 scrolls of magic mapping {unknown}
 F - a scroll of enchant armour
Potions
 d - a potion of might
 h - 2 potions of invisibility {unknown}
 j - a potion of mutation
 m - a potion of lignification
 n - a potion of resistance
 q - 7 potions of curing
 s - 3 potions of haste {unknown}
 u - 5 potions of flight
 w - a potion of heal wounds
 B - a potion of magic
 H - a potion of berserk rage {unknown}


   Skills:
 + Level 7.3(7.2) Fighting
 + Level 6.4(6.3) Dodging
 + Level 8.6(8.4) Shields
 + Level 10.6(10.4) Unarmed Combat
 - Level 3.6(3.4) Evocations


You had 11 spell levels left.
You didn't know any spells.
Your spell library was empty.

Dungeon Overview and Level Annotations

Branches:
Dungeon (12/15)            Temple (1/1) D:6            Lair (0/6) D:10
    Orc (0/2) D:11          Sewer (visited)

Altars:
Ashenzari
Cheibriados
Dithmenos
Elyvilon
Fedhas
Gozag
Hepliaklqana
Kikubaaqudgha
Makhleb
Nemelex Xobeh
Okawaru
Qazlal
Ru
Sif Muna
Trog
Uskayaw
Vehumet
Wu Jian
Xom
Yredelemnul
Zin
The Shining One

Shops:
D:12 :

Annotations:
D:7 1 runed translucent door, Yorgos's ghost, weakling GnDe
D:10 1 runed translucent door, loralnil's ghost, novice GnTm
D:11 2 runed translucent doors, emiel's ghost, journeyman TrCj
D:12 Sonja


Innate Abilities, Weirdness & Mutations

You are too large for most types of armour.
You have claws for hands.
Your natural rate of healing is unusually fast.
You are covered in fur. (AC +1)
You have extremely tough skin. (AC +3)
You cannot train Armour skill.
You are somewhat unskilled. (-1 Apt)
You are somewhat inexperienced. (-2 XL)


Message History

* * * LOW HITPOINT WARNING * * *
The starcursed mass engulfs you but does no damage.
A cacophony of accursed wailing tears at your sanity!
* * * LOW HITPOINT WARNING * * *
A thrashing horror comes into view.
The starcursed mass engulfs you.
* * * LOW HITPOINT WARNING * * *
Unknown command.
The thrashing horror roars!
You claw the starcursed mass!
You destroy the starcursed mass!
You block the starcursed mass's attack.
A deafening chorus of shrieks assaults your mind!
* * * LOW HITPOINT WARNING * * *
You suddenly lose the ability to move!
The starcursed mass engulfs you but does no damage.
The starcursed mass engulfs you!
* * * LOW HITPOINT WARNING * * *
The starcursed mass engulfs you.
You die...

.###. .# . . .. .#
....#. ...#.. # . #
.....o. )..... ..
#.....# ...# .. .. #
#..ยง ## ..# . ###.
##.## ##.## ##.# . x
##.. ###...## ...##
.....#....X#.X...#.....#
#.. ..X....XXX@..X.... .
## ...#.....#XX...#... .
#. . ##.. ###...### ..
##X ##.## ##.## #.# .X
#. . ...# . .# ..... ...
....... ... . .....#.
...#. . ### ..###.


You could see 7 starcursed masses and a thrashing horror.

Vanquished Creatures
  Snorg (D:10)
  A hydra (D:12)
  A two-headed ogre (D:10)
  2 unseen horrors
  2 cyclopes
  2 ugly things (D:12)
  A worldbinder (Abyss:2)
  Maurice (D:10)
  Psyche (D:8)
  A komodo dragon (D:11)
  Maggie (D:7)
  A freezing wraith (Abyss:2)
  A centaur skeleton (D:12)
  4 trolls
  Grinder (D:5)
  A hippogriff (D:7)
  4 blink frogs (Abyss:2)
  A ynoxinul (Abyss:2)
  Sigmund (D:5)
  A large abomination (Abyss:2)
  2 wraiths
  14 yaks
  Grum (D:9)
  A wyvern (D:11)
  A neqoxec (Abyss:2)
  A steam dragon (D:10)
  4 vampire mosquitoes (D:12)
  2 wargs (D:10)
  Edmund (D:4)
  6 orc warriors
  A black bear (D:6)
  An ice beast (D:5)
  2 phantoms
  An ogre (D:6)
  4 wolves
  9 centaurs
  A big kobold (D:9)
  10 bullfrogs
  A wyvern zombie (D:9)
  A small abomination (Abyss:2)
  A water moccasin skeleton (D:6)
  14 killer bees
  5 wights (D:12)
  A starcursed mass (Abyss:2)
  7 jellies
  2 bullfrog zombies
  A quasit (D:11)
  14 orc priests
  2 hounds
  14 orc wizards
  Terence (D:3)
  4 iguanas
  Ijyb (D:5)
  Natasha (D:2)
  A merfolk avatar (Sewer)
  A merfolk siren (Sewer)
  6 worker ants
  A hound zombie (D:5)
  2 hound skeletons
  A worker ant zombie (D:11)
  3 gnolls (D:5)
  10 adders
  A river rat (Sewer)
  6 shadow imps
  2 white imps
  2 ufetubi
  3 adder skeletons
  A dart slug (D:1)
  5 worms
  12 leopard geckos
  48 orcs
  6 giant cockroaches
  5 goblins
  6 hobgoblins
  7 jackals
  12 kobolds
  2 quokkas
  9 ball pythons
  6 bats
  7 frilled lizards
  A quokka skeleton (D:6)
  36 rats
363 creatures vanquished.

Vanquished Creatures (others)
  An orc warrior (D:10)
  A kobold (D:9)
  2 fungi (D:10)
  6 plants (D:10)
10 creatures vanquished.

Grand Total: 373 creatures vanquished

Notes
Turn   | Place    | Note
-------+----------+-------------------------------------------
     0 | D:1      | Flugslaktarn the Troll Fighter began the quest for the Orb.
     0 | D:1      | Reached XP level 1. HP: 22/22 MP: 0/0
   277 | D:1      | Reached XP level 2. HP: 28/29 MP: 1/1
   634 | D:1      | Reached skill level 3 in Unarmed Combat
   750 | D:1      | Reached XP level 3. HP: 34/36 MP: 2/2
   880 | D:2      | Found a faded altar of an unknown god.
   950 | D:2      | Noticed Natasha
   953 | D:2      | Killed Natasha
   964 | D:2      | Reached XP level 4. HP: 45/45 MP: 3/3
  1351 | D:2      | Reached skill level 4 in Unarmed Combat
  1394 | D:3      | Noticed Terence
  1403 | D:3      | Killed Terence
  1595 | D:3      | Found a sparkling altar of Nemelex Xobeh.
  1599 | D:3      | Found a hazy altar of Hepliaklqana.
  1707 | D:3      | Reached XP level 5. HP: 53/53 MP: 4/4
  2500 | D:4      | Reached skill level 5 in Unarmed Combat
  2524 | D:4      | Reached XP level 6. HP: 49/62 MP: 5/5
  2590 | D:4      | Noticed Edmund
  2615 | D:4      | Killed Edmund
  2615 | D:4      | Reached skill level 6 in Unarmed Combat
  2623 | D:4      | Reached XP level 7. HP: 13/70 MP: 6/6
  2775 | D:4      | Found a glowing drain.
  2794 | Sewer    | Entered a sewer
  3595 | D:4      | Reached skill level 7 in Unarmed Combat
  3793 | D:5      | Entered Level 5 of the Dungeon
  3889 | D:5      | Found a shimmering altar of Xom.
  3922 | D:5      | Reached skill level 5 in Fighting
  3958 | D:5      | Noticed Grinder
  3965 | D:5      | Killed Grinder
  3965 | D:5      | Reached skill level 8 in Unarmed Combat
  3965 | D:5      | Reached XP level 8. HP: 80/80 MP: 7/7
  4010 | D:5      | Noticed Sigmund
  4023 | D:5      | Killed Sigmund
  4168 | D:5      | Noticed Ijyb
  4177 | D:5      | Killed Ijyb
  4447 | D:6      | Reached skill level 9 in Unarmed Combat
  4899 | D:6      | Noticed a cyclops
  4919 | D:6      | Killed a cyclops
  4919 | D:6      | Reached skill level 10 in Unarmed Combat
  4919 | D:6      | Reached XP level 9. HP: 47/89 MP: 8/8
  5080 | D:6      | Found a staircase to the Ecumenical Temple.
  5086 | Temple   | Entered the Ecumenical Temple
  5284 | Temple   | Became a worshipper of Ru the Awakened
  5677 | D:7      | Found a runed translucent door.
  5679 | D:7      | Noticed Yorgos's ghost (weakling GnDe)
  5903 | D:7      | Noticed Maggie
  5909 | D:7      | Killed Maggie
  6213 | D:7      | Found an ornate altar of the Wu Jian Council.
  6580 | D:8      | Gained mutation: You are somewhat inexperienced. (-2 XL)
                  | [Ru sacrifice]
  6580 | D:8      | Reached XP level 8. HP: 83/83 MP: 7/7
  6580 | D:8      | Reached XP level 7. HP: 75/75 MP: 6/6
  6580 | D:8      | Reached * piety under Ru
  6580 | D:8      | Reached ** piety under Ru
  6687 | D:8      | Noticed a wraith
  6694 | D:8      | Killed a wraith
  6694 | D:8      | Reached skill level 5 in Dodging
  6694 | D:8      | Reached skill level 5 in Shields
  6694 | D:8      | Reached XP level 8. HP: 83/83 MP: 7/7
  6750 | D:8      | Noticed Psyche
  6773 | D:8      | Killed Psyche
  7294 | D:9      | Noticed Grum
  7310 | D:9      | Killed Grum
  7310 | D:9      | Reached XP level 9. HP: 32/89 MP: 8/8
  7321 | D:10     | Entered Level 10 of the Dungeon
  7917 | D:9      | Noticed a troll
  7925 | D:9      | Killed a troll
  8040 | D:9      | Reached XP level 10. HP: 65/100 MP: 9/9
  8107 | D:9      | Found a stormy altar of Qazlal.
  8110 | D:9      | Found a radiant altar of Vehumet.
  8113 | D:9      | Found a shadowy altar of Dithmenos.
  8313 | D:10     | Noticed Snorg
  8325 | D:10     | HP: 1/100 [Snorg (8)]
  8438 | D:10     | Killed Snorg
  8560 | D:10     | Reached skill level 1 in Evocations
  8567 | D:10     | Killed an unseen horror
  8591 | D:10     | Gained mutation: You cannot train Armour skill. [Ru
                  | sacrifice]
  8591 | D:10     | Reached *** piety under Ru
  8605 | D:10     | Found a runed translucent door.
  8609 | D:10     | Noticed loralnil's ghost (novice GnTm)
  8611 | D:10     | Identified the +5 trident of Orunyib {elec, rN+ Dex+2
                  | Stlth+}
  8660 | D:10     | Noticed a two-headed ogre
  8661 | D:10     | Found a staircase to the Lair.
  8667 | D:10     | Killed a two-headed ogre
  8834 | D:10     | Noticed Maurice
  8842 | D:10     | Killed Maurice
  9265 | D:10     | Found a staircase to the Lair.
  9932 | D:11     | Reached XP level 11. HP: 107/107 MP: 10/10
 10052 | D:11     | Noticed emiel's ghost (journeyman TrCj)
 10052 | D:11     | Noticed a lich
 10052 | D:11     | Noticed a death knight
 10053 | D:11     | Noticed a necromancer
 10053 | D:11     | Noticed a yaktaur captain
 10053 | D:11     | Noticed a tengu reaver
 10319 | D:11     | Found a staircase to the Orcish Mines.
 10422 | D:11     | Found a runed translucent door.
 10422 | D:11     | Noticed a skeletal warrior
 10428 | D:11     | Found a runed translucent door.
 10598 | D:12     | Found Tekitzobo's Book Emporium.
 10610 | D:12     | Killed an unseen horror
 10643 | D:12     | Noticed a green ugly thing
 10650 | D:12     | Killed a green ugly thing
 10872 | D:12     | Noticed Sonja
 10880 | D:12     | Noticed a white ugly thing
 10881 | D:12     | Noticed a six-headed hydra
 10884 | D:12     | Gained mutation: You are somewhat unskilled. (-1 Apt) [Ru
                  | sacrifice]
 10884 | D:12     | Reduced skill Dodging to level 5
 10884 | D:12     | Reached **** piety under Ru
 10884 | D:12     | Reached ***** piety under Ru
 10893 | D:12     | Killed a white ugly thing
 10895 | D:12     | Killed an eight-headed hydra
 10968 | D:12     | Cast into level 2 of the Abyss (Sonja)
 11231 | Abyss:2  | Noticed a starcursed mass
 11247 | Abyss:2  | Reached XP level 12. HP: 53/118 MP: 11/11
 11255 | Abyss:2  | Paralysed by accursed screaming for 1 turns
 11262 | Abyss:2  | Paralysed by accursed screaming for 1 turns
 11262 | Abyss:2  | HP: 4/118 [starcursed mass (7)]
 11263 | Abyss:2  | Slain by a starcursed mass

Illustrated notes

Levels and vault maps discovered:
D:1:      minmay_arrival_semitransparent, layout_basic
D:2:      layout_basic, chequers_ecumenical_altar_simple, minmay_snake_closets,
          uniq_natasha
D:3:      layout_basic, grunt_temple_overflow_open, kennysheep_generic_room_3,
          uniq_terence
D:4:      layout_loops_corners, cheibrodos_sewer_entry_drain,
          minmay_misc_feat_square, uniq_edmund
D:5:      layout_rooms, dk_xom_monty_hall, uniq_grinder, uniq_sigmund, uniq_ijyb
D:6:      layout_loops_corners, minmay_temple_entry_mini_moons
D:7:      layout_basic, lemuel_crystal_altar, hellmonk_ghost_happy_afterlife,
          uniq_maggie
D:8:      layout_loops_ring, grunt_ministairs_4, kennysheep_generic_room_11,
          uniq_psyche
D:9:      layout_rooms, grunt_temple_overflow_diamond, roderic_serpentine_path,
          uniq_grum
D:10:     layout_roguey, erik_lair_orcish_takeover, ebering_ghost_funeral_grove,
          hangedman_abyss_or_decor_jellyfish_corner, uniq_maurice, uniq_snorg
D:11:     layout_basic, orc_0_dummy, muffindrake_ghost_dual_entry
D:12:     layout_roguey, serial_shops, nicolae_shop_waterfront, uniq_sonja
Temple:   eino_temple_scatter_basement
Abyss:2:  base: D:5, evilmike_abyss_exit_mutagenic

Skill      XL: |  1  2  3  4  5  6  7  8  9 10 11 |
---------------+----------------------------------+-----
Unarmed Combat | 3 4 5 6 8 10 | 10.6
Fighting       | 3 4 5 6 7 |  7.3
Dodging        | 5 4 6 |  6.4
Shields        | 5 6 8 |  8.6
Evocations     | 4 3 |  3.6

Action                   |  1- 3 |  4- 6 |  7- 9 | 10-12 || total
-------------------------+-------+-------+-------+-------++-------
Melee: Unarmed           |   102 |   173 |   534 |   398 ||  1207
Invok: Sacrifice Experie |       |       |     1 |       ||     1
       Sacrifice Durabil |       |       |       |     1 ||     1
       Sacrifice Skill   |       |       |       |     1 ||     1
       Draw Out Power    |       |       |       |     1 ||     1
Evoke: Wand              |       |       |       |     5 ||     5
  Use: Potion            |       |     1 |     1 |     2 ||     4
       Scroll            |       |       |    18 |     2 ||    20
 Stab: Sleeping          |       |     1 |       |       ||     1
       Distracted        |       |       |       |     1 ||     1
Armor: Robe              |    32 |    49 |   110 |       ||   191
       Troll leather arm |       |       |     3 |    76 ||    79
Dodge: Dodged            |    33 |    56 |   178 |   195 ||   462
Block: Kite shield       |    41 |    50 |   190 |   232 ||   513

Table legend: (Time is in decaauts)
 A = Elapsed time spent in this place.
 B = Non-inter-level travel time spent in this place.
 C = Inter-level travel time spent in this place.
 D = Time resting spent in this place.
 E = Time spent auto-exploring this place.
 F = Levels seen in this place.
 G = Mean time per level.
                   A        B        C        D        E       F      G
               +--------+--------+--------+--------+--------+-----+--------+
         Total |  11181 |  10745 |    436 |    249 |   8393 |  15 |  745.4 |
       Dungeon |  10223 |   9808 |    415 |    246 |   7755 |  12 |  851.9 |
        Temple |    206 |    185 |     21 |      0 |    178 |   1 |  206.0 |
         Abyss |    290 |    290 |      0 |      3 |    207 |   1 |  290.0 |
         Sewer |    460 |    460 |      0 |      0 |    253 |   1 |  460.0 |
               +--------+--------+--------+--------+--------+-----+--------+

Top non-repeatable levels by time:
    D:10: 1675 daAuts
     D:6: 1026 daAuts
     D:4: 1021 daAuts
     D:3: 962 daAuts
     D:9: 945 daAuts
     D:1: 825 daAuts
     D:7: 806 daAuts
    D:11: 732 daAuts
     D:8: 716 daAuts
     D:5: 571 daAuts
     D:2: 567 daAuts
   Sewer: 460 daAuts
    D:12: 372 daAuts
 Abyss:2: 290 daAuts
  Temple: 206 daAuts
